 Dungeon Crawl Stone Soup version 0.28-a0-429-g1448048969 (webtiles) character file.

Game seed: 9175855180286969453

3834 siradein the Schismatic (level 9, -2/63 HPs)
             Began as a Demonspawn Abyssal Knight on Sept 10, 2021.
             Was an Elder of Lugonu.
             Slain by a yak (10 damage)
             ... on level 6 of the Dungeon.
             The game lasted 00:17:42 (11327 turns).

siradein the Schismatic (DsAK)                     Turns: 11327, Time: 00:17:43

Health: -2/63      AC: 10    Str: 15    XL:     9   Next: 98%
Magic:  0/6        EV:  6    Int: 10    God:    Lugonu [****..]
Gold:   353        SH:  4    Dex: 14    Spells: 8/8 levels left

rFire   + + .      SeeInvis .   F - +7 battleaxe of Teecwut {antimagic, Fly rElec Int-5 Stlth+}
rCold   + . .      Faith    .   (shield currently unavailable)
rNeg    . . .      Spirit   +   a - +1 chain mail {rPois}
rPois   +          Reflect  .   f - +1 hat of the Dropbear {Slay+3}
rElec   +          Harm     .   y - scarf {rC+ rF+}
rCorr   +          Rampage  .   (no gloves)
Will    .....                   (no boots)
Stlth   ..........              e - amulet of guardian spirit
HPRegen 0.20/turn               b - ring of protection from fire
MPRegen 0.10/turn               G - ring of resist corrosion

@: flying
A: antennae 1, big brain 1, condensation shield, demonic magic 1
a: Renounce Religion, Depart the Abyss, Bend Space, Banish, Corrupt


You were on level 6 of the Dungeon.
You worshipped Lugonu.
Lugonu was greatly pleased with you.
You visited 1 branch of the dungeon, and saw 7 of its levels.
You visited the Abyss 1 time.
You also visited: Sewer.

You collected 353 gold pieces.

Inventory:

Hand Weapons
 D - a +1 scimitar of freezing
 F - the +7 battleaxe of Teecwut (weapon) {antimagic, Fly rElec Int-5 Stlth+}
   (You found it on level 5 of the Dungeon)

   It reduces the magical energy of the wielder, and disrupts the spells and
   magical abilities of those it strikes.
   Natural abilities and divine invocations are not affected.
   Int:       It affects your intelligence (-5).
   rElec:     It insulates you from electricity.
   Fly:       It grants you flight.
   Stlth:     It makes you more stealthy.
Missiles
 v - 40 poisoned darts (quivered)
Armour
 a - a +1 chain mail of poison resistance (worn)
 f - the +1 hat of the Dropbear (worn) {Slay+3}
   (You acquired it on level 3 of the Dungeon)

   Slay:      It affects your accuracy & damage with ranged weapons and melee
   (+3).
 y - a scarf of resistance (worn)
Jewellery
 b - a ring of protection from fire (left hand)
 e - an amulet of guardian spirit (around neck)
 C - a ring of flight
 E - a ring of wizardry
 G - a ring of resist corrosion (right hand)
 I - a +6 ring of strength
 J - a +6 ring of strength
Wands
 n - a wand of polymorph (6)
 o - a wand of acid (19)
 q - a wand of digging (3)
 z - a wand of charming (10)
 B - a wand of iceblast (7)
Scrolls
 c - 5 scrolls of enchant armour
 d - 2 scrolls of holy word
 h - a scroll of enchant weapon
 j - a scroll of amnesia
 k - 2 scrolls of silence
 m - 2 scrolls of vulnerability {unknown}
 p - 4 scrolls of teleportation {unknown}
 r - 2 scrolls of brand weapon {unknown}
 s - 2 scrolls of summoning {unknown}
 t - 3 scrolls of magic mapping {unknown}
 x - a scroll of blinking {unknown}
 A - a scroll of identify
 K - a scroll of noise {unknown}
Potions
 g - 2 potions of curing
 i - a potion of resistance {unknown}
 l - a potion of flight {unknown}
 u - 2 potions of brilliance {unknown}
 w - a potion of magic {unknown}
 H - a potion of mutation {unknown}
 L - a potion of lignification {unknown}


   Skills:
 - Level 3.0 Fighting
 - Level 8.7 Long Blades
 + Level 3.6 Axes
 - Level 1.7 Armour
 - Level 0.8 Dodging
 + Level 13.0 Invocations


You had 8 spell levels left.
You didn't know any spells.
Your spell library contained the following spells:

 Spells                   Type           Power      Damage    Failure   Level
 Blink                    Tloc           N/A        N/A       100%        2
 Dazzling Flash           Conj/Hex       0%         N/A       100%        3
 Ignite Poison            Fire/Tmut/Pois 0%         N/A       100%        3
 Mephitic Cloud           Conj/Pois/Air  0%         N/A       100%        3
 Airstrike                Air            0%         N/A       100%        4
 Iskenderun's Mystic Bla  Conj/Tloc      0%         2d3       100%        4
 Summon Lightning Spire   Summ/Air       0%         N/A       100%        4
 Freezing Cloud           Conj/Ice/Air   0%         6-21      100%        5
 Lightning Bolt           Conj/Air       0%         1d11      100%        5
 Manifold Assault         Tloc           0%         N/A       100%        5
 Starburst                Conj/Fire      0%         6d3       100%        6
 Storm Form               Tmut/Air       0%         N/A       100%        7


Dungeon Overview and Level Annotations

Branches:
Dungeon (7/15)              Sewer (visited)
 Temple: D:4-7

Altars:
Fedhas
Kikubaaqudgha
Xom
Yredelemnul

Shops:
D:3 *=?[


Innate Abilities, Weirdness & Mutations

You have a pair of small antennae on your head.
You have an unusually large brain. (Int +2)
A meltable shield of frost defends you. (SH +4)
Spells you cast may paralyse adjacent enemies.


Message History

You block the yak's attack.
You slash the yak!
The yak is heavily wounded.
The yak gores you but does no damage. The yak gores you.
You slice the yak!!
You kill the yak!
Lugonu accepts your kill.
Your Invocations skill increases to level 13!
You see here a yak corpse.
You start resting.
Magic restored.
You start resting.
HP restored.
There is a stone staircase leading down here.
You fly downwards.
You block the yak's attack. The yak gores you! The yak gores you.
There is a stone staircase leading up here.
You barely miss the centaur. You hit the yak but do no damage.
You barely miss the yak. You slash the yak!
The centaur unwields a +0 shortbow.
The centaur hits you but does no damage.
The centaur kicks you. The yak gores you! The yak gores you.
The yak gores you but does no damage. The centaur hits you.
The centaur kicks you but does no damage.
The yak gores you! You block the yak's attack.
The centaur hits you but does no damage.
The centaur kicks you but does no damage.
The yak barely misses you. The yak gores you but does no damage.
You block the yak's attack. You block the centaur's attack.
The centaur kicks you but does no damage.
You fly upwards.
There is a stone staircase leading down here.
You hit the centaur.
The centaur is lightly wounded.
You slash the yak!
You hit the yak. x2; The centaur hits you.
* * * LOW HITPOINT WARNING * * *
The centaur kicks you but does no damage.
The yak gores you!
* * * LOW HITPOINT WARNING * * *
The yak completely misses you. The yak gores you!
You die...

#.# #...................[.
#.# #...................).
#.# #.....................
#†# #.....................
#.# #.....................
##.###.###.#'##########....
#..........#.##########....
#####.####Yc...............
#........Y@Y.............†.
##.##.######.##########....
#.##.##.....##### #....
#.##.##.........# #####
#.##.##..>......# #
#.##.##.........# #
#.##.<#.........# #
##.#####.........####
#......'............#


You could see 3 yaks and a centaur.

Vanquished Creatures
  Prince Ribbit (D:5)
  Sigmund (D:5)
  A wraith (D:5)
  2 yaks (D:6)
  A water moccasin (D:5)
  Duvessa (D:4)
  2 ice beasts (D:5)
  A sky beast (D:5)
  3 necrophages
  A black bear (D:5)
  A centaur (D:5)
  4 ogres
  A phantom (D:4)
  2 kobold brigands (Sewer)
  4 scorpions
  A water moccasin zombie (D:5)
  A water moccasin skeleton (D:4)
  Dowan (D:4)
  A howler monkey (D:5)
  4 wights (D:5)
  4 bullfrog zombies (D:5)
  A human zombie (D:5)
  A jelly (D:4)
  Crazy Yiuf (D:5)
  3 gnoll shamans
  A centaur skeleton (D:5)
  2 hounds
  A bullfrog skeleton (D:4)
  2 iguanas
  3 scorpion zombies (D:5)
  2 orc wizards
  2 hound zombies (D:5)
  A mummy (D:5)
  8 gnolls
  3 howler monkey skeletons (D:5)
  8 adders
  3 river rats (Sewer)
  2 shadow imps (D:6)
  3 white imps
  An ufetubus (D:6)
  An adder skeleton (D:5)
  5 worms
  4 dart slugs
  12 orcs
  10 endoplasms
  2 giant cockroaches
  6 goblins
  7 hobgoblins
  13 jackals
  A quokka (D:1)
  2 ball pythons
  4 bats
  6 frilled lizards
  10 kobolds
  4 rats
173 creatures vanquished.

Notes
Turn   | Place    | Note
-------+----------+-------------------------------------------
     0 | Abyss:1  | siradein the Demonspawn Abyssal Knight began the quest for
                  | the Orb.
     0 | Abyss:1  | Reached XP level 1. HP: 18/18 MP: 2/2
     0 | Abyss:1  | Found a corrupted altar of Lugonu.
    65 | Abyss:1  | Noticed a wretched star
    66 | D:1      | Escaped the Abyss
   421 | D:1      | Reached skill level 3 in Invocations
   425 | D:1      | Gained mutation: Spells you cast may paralyse adjacent
                  | enemies. [demonic ancestry]
   425 | D:1      | Reached XP level 2. HP: 11/24 MP: 2/4
   426 | D:1      | Reached * piety under Lugonu
  1185 | D:1      | Gained mutation: You have a pair of small antennae on your
                  | head. [demonic ancestry]
  1185 | D:1      | Reached XP level 3. HP: 25/29 MP: 5/5
  1490 | D:2      | Found a faded altar of an unknown god.
  1870 | D:2      | Reached skill level 4 in Invocations
  2204 | D:2      | Gained mutation: You have an unusually large brain. (Int
                  | +2) [demonic ancestry]
  2204 | D:2      | Reached XP level 4. HP: 24/35 MP: 5/7
  2363 | D:2      | Reached ** piety under Lugonu
  3274 | D:3      | Identified a scroll of acquirement
  3274 | D:3      | Acquired the +1 hat of the Dropbear {Slay+3}
  3503 | D:3      | Found Cups's Antique Armour Shoppe.
  3617 | D:3      | Found Yxtazitsi's Magic Scroll Boutique.
  3628 | D:3      | Found Peuperiu's Jewellery Emporium.
  3636 | D:3      | Found a glowing drain.
  3661 | D:3      | Reached skill level 5 in Invocations
  3675 | Sewer    | Entered a sewer
  3953 | Sewer    | Reached XP level 5. HP: 20/41 MP: 3/8
  4498 | Sewer    | Reached skill level 6 in Invocations
  4510 | Sewer    | Gained mutation: A meltable shield of frost defends you.
                  | (SH +4) [demonic ancestry]
  4510 | Sewer    | Reached XP level 6. HP: 9/47 MP: 3/10
  5076 | D:3      | Found Baonoptur's Assorted Antiques.
  5419 | D:4      | Reached skill level 5 in Long Blades
  5419 | D:4      | Reached skill level 7 in Invocations
  5482 | D:4      | Reached XP level 7. HP: 24/52 MP: 6/12
  5726 | D:4      | Reached *** piety under Lugonu
  5980 | D:4      | Noticed Dowan
  5980 | D:4      | Noticed Duvessa
  5990 | D:4      | Killed Dowan
  6309 | D:4      | Reached skill level 8 in Invocations
  6482 | D:4      | Killed Duvessa
  6619 | D:4      | You are sucked into a shaft and drop 1 floor!
  6619 | D:5      | Entered Level 5 of the Dungeon
  6622 | D:5      | Noticed Sigmund
  7267 | D:5      | Reached skill level 9 in Invocations
  7267 | D:5      | Reached XP level 8. HP: 52/58 MP: 14/14
  7319 | D:5      | Killed Sigmund
  7415 | D:5      | Noticed Prince Ribbit
  7428 | D:5      | Killed Prince Ribbit
  7438 | D:4      | Reached skill level 10 in Invocations
  8052 | D:5      | Found a basalt altar of Yredelemnul.
  8107 | D:5      | Reached XP level 9. HP: 12/58 MP: 5/17
  8357 | D:5      | Reached skill level 11 in Invocations
  8594 | D:5      | Found a shimmering altar of Xom.
  8597 | D:5      | Found a sparkling altar of Nemelex Xobeh.
  8597 | D:5      | Found a blossoming altar of Fedhas.
  8599 | D:5      | Found an ancient bone altar of Kikubaaqudgha.
  8599 | D:5      | Found a blossoming altar of Fedhas.
  8599 | D:5      | Found a shimmering altar of Xom.
  8722 | D:5      | Found a runed translucent door.
  8723 | D:5      | Noticed Crazy Yiuf
  9158 | D:5      | Reached **** piety under Lugonu
  9250 | D:5      | Identified the +7 battleaxe of Teecwut {antimagic, Fly
                  | rElec Int-5 Stlth+}
  9304 | D:5      | Reached skill level 12 in Invocations
  9307 | D:5      | Reached skill level 1 in Axes
  9730 | D:5      | Killed Crazy Yiuf
  9946 | D:6      | HP: 2/63 [gnoll (2)]
 11144 | D:6      | Reached skill level 13 in Invocations
 11327 | D:6      | Slain by a yak

Illustrated notes

Levels and vault maps discovered:
D:1:      lightli_iron_boxes, layout_loops_corners, minmay_octomino_j4
D:2:      layout_basic, hellmonk_ecumenical_altar_zigzags
D:3:      layout_basic, cheibrodos_sewer_entry_drain, serial_shops, shop,
          nicolae_shop_trees, shop, nicolae_shop_window_shopping,
          minmay_misc_feat_rows
D:4:      layout_gridville, chequers_jeans, uniq_duvessa
D:5:      kennysheep_windowed_halls, layout_basic, doesnt_xom_only_xom,
          lemuel_mausoleum_altar_yredelemnul, kennysheep_generic_room_6,
          uniq_crazy_yiuf_cottage, uniq_prince_ribbit1, uniq_sigmund
D:6:      layout_basic
D:7:      minmay_angry_zag, layout_loops_cross, zin_purify,
          makhleb_blood_cavern_becter, temple_hall, nicolae_underground_beach

Skill      XL: |  1  2  3  4  5  6  7  8  9 |
---------------+----------------------------+-----
Long Blades    | 2 3 4 5 6 7 8 |  8.7
Invocations    | 3 4 5 6 7 9 10 13 | 13.0
Axes           | 3 |  3.6
Fighting       | |  3.0
Armour         | |  1.7
Dodging        | |  0.8

Action                   |  1- 3 |  4- 6 |  7- 9 || total
-------------------------+-------+-------+-------++-------
Melee: Falchion          |   115 |   149 |    81 ||   345
       Short sword       |       |    73 |   145 ||   218
       Scimitar          |       |       |    79 ||    79
       Battleaxe         |       |       |    79 ||    79
Throw: Dart              |       |     2 |     7 ||     9
Invok: Depart the Abyss  |     1 |       |       ||     1
       Bend Space        |       |       |     2 ||     2
  Use: Scroll            |       |     8 |       ||     8
       Potion            |       |       |     2 ||     2
 Stab: Sleeping          |     1 |     1 |       ||     2
Armor: Leather armour    |    36 |    23 |       ||    59
       Ring mail         |       |    24 |       ||    24
       Chain mail        |       |    12 |   199 ||   211
Dodge: Dodged            |    81 |    94 |   109 ||   284
Block: Other             |       |     4 |    66 ||    70

Table legend: (Time is in decaauts)
 A = Elapsed time spent in this place.
 B = Non-inter-level travel time spent in this place.
 C = Inter-level travel time spent in this place.
 D = Time resting spent in this place.
 E = Time spent auto-exploring this place.
 F = Levels seen in this place.
 G = Mean time per level.
                   A        B        C        D        E       F      G
               +--------+--------+--------+--------+--------+-----+--------+
         Total |  11459 |  11180 |    279 |   1698 |   7224 |   9 | 1273.2 |
       Dungeon |  10142 |   9863 |    279 |   1432 |   6446 |   7 | 1448.9 |
         Abyss |     66 |     66 |      0 |      0 |     63 |   1 |   66.0 |
         Sewer |   1251 |   1251 |      0 |    266 |    714 |   1 | 1251.0 |
               +--------+--------+--------+--------+--------+-----+--------+

Top non-repeatable levels by time:
     D:5: 2988 daAuts
     D:1: 1845 daAuts
     D:4: 1839 daAuts
     D:2: 1445 daAuts
   Sewer: 1251 daAuts
     D:6: 1170 daAuts
     D:3: 810 daAuts
 Abyss:1: 66 daAuts
     D:7: 42 daAuts
